Map: [ESL] Moondance

Players

FightingFrog - Winner!

  • Race: Protoss Protoss
  • Spawn Location: 12:00

BabyMarine

  • Race: Terran Terran
  • Spawn Location: 6:00

Event: DreamHack SC2 Masters 2022 Valencia

VOD

Have the link to the VOD?

Description

Time

  • Played on: July 1, 2022, 10:29 a.m.
  • Length: 14:45

All games in this series

Show
View Real Time Build Order
Export as new Build Order

FightingFrog Protoss - Winner!

Build Orders: 1 Gate Expand, Oracle Opening, Phoenix Opening 

Get SALT Encoding   

  12  0:00  Probe  
  13  0:12  Probe  
  14  0:17  Pylon  
  14  0:24  Probe (Chrono Boost)  
  15  0:37  Probe (Chrono Boost), Gateway  
  16  0:44  Probe (Chrono Boost)  
  16  0:45  Assimilator  
  17  0:51  Probe  
  18  1:03  Probe  
  19  1:15  Probe  
  20  1:24  Nexus  
  20  1:34  Cybernetics Core  
  20  1:37  Probe  
  21  1:43  Assimilator  
  21  1:50  Probe  
  22  1:56  Pylon  
  22  2:02  Probe  
  23  2:11  Warp Gate  
  23  2:13  Sentry (Chrono Boost)  
  23  2:14  Probe  
  26  2:26  Probe (Chrono Boost)  
  27  2:30  Adept (Chrono Boost)  
  27  2:35  Probe (Chrono Boost)  
  30  2:39  Probe (Chrono Boost), Phoenix  
  30  2:42  Probe  
  32  2:48  Pylon  
  32  2:51  Adept (Chrono Boost), Probe, Stargate  
  33  2:54  Probe  
  36  3:03  Probe  
  37  3:07  Probe  
  38  3:15  Probe  
  38  3:19  Probe  
  37  3:25  Adept  
  38  3:27  Probe  
  38  3:30  Gateway  
  38  3:31  Probe  
  41  3:43  Probe  
  41  3:44  Oracle (Chrono Boost)  
  45  3:55  Probe  
  45  3:56  Pylon  
  45  4:04  Stalker  
  45  4:07  Probe  
  48  4:14  Phoenix  
  50  4:19  Probe  
  51  4:31  Probe  
  51  4:37  Probe  
  51  4:43  Robotics Facility  
  51  4:44  Probe  
  51  4:45  Stalker x2  
  56  4:47  Phoenix  
  56  4:50  Probe  
  56  4:56  Probe  
  57  5:02  Phoenix (Chrono Boost), Probe  
  60  5:07  Assimilator  
  60  5:08  Probe  
  60  5:10  Assimilator  
  60  5:14  Probe  
  62  5:19  Pylon  
  62  5:24  Shield Battery  
  62  5:36  Phoenix (Chrono Boost)  
  62  5:37  Probe x2  
  62  5:38  Nexus  
  62  5:41  Pylon  
  66  5:43  Pylon  
  66  5:49  Probe x2  
  68  5:54  Robotics Bay  
  68  5:59  Immortal (Chrono Boost)  
  68  6:01  Probe x2  
  68  6:03  Pylon  
  74  6:13  Probe  
  74  6:15  Sentry x2  
  78  6:19  Probe  
  78  6:21  Pylon  
  78  6:24  Pylon  
  78  6:25  Pylon  
  79  6:26  Probe  
  79  6:28  Gateway  
  79  6:29  Gateway  
  79  6:31  Probe  
  81  6:38  Probe  
  81  6:39  Pylon  
  82  6:40  Pylon  
  82  6:41  Colossus (Chrono Boost)  
  82  6:46  Pylon  
  88  6:47  Probe  
  88  6:50  Probe  
  88  6:55  Probe  
  88  6:56  Stalker  
  88  6:57  Stalker  
  88  6:59  Probe  
  85  7:02  Probe  
  85  7:07  Probe  
  78  7:11  Probe (Chrono Boost)  
  74  7:16  Probe (Chrono Boost)  
  74  7:19  Probe (Chrono Boost)  
  75  7:26  Sentry x2  
  75  7:27  Observer (Chrono Boost)  
  75  7:28  Probe (Chrono Boost)  
  83  7:30  Probe (Chrono Boost)  
  83  7:31  Probe (Chrono Boost)  
  83  7:32  Pylon  
  85  7:37  Probe (Chrono Boost)  
  85  7:39  Probe x2 (Chrono Boost)  
  85  7:43  Probe (Chrono Boost)  
  87  7:45  Assimilator  
  87  7:46  Probe (Chrono Boost)  
  87  7:48  Probe  
  87  7:50  Colossus (Chrono Boost)  
  89  7:57  Probe  
  96  8:05  Probe x2  
  98  8:06  Extended Thermal Lance  
  98  8:09  Probe  
  98  8:10  Pylon, Forge  
  98  8:12  Forge  
  99  8:18  Stalker x2  
  103  8:25  Stalker  
  103  8:26  Sentry  
  107  8:35  Phoenix, Twilight Council  
  107  8:40  Colossus (Chrono Boost)  
  114  8:51  Protoss Ground Armor Level 1 (Chrono Boost)  
  114  8:57  Protoss Ground Weapons Level 1 (Chrono Boost)  
  114  9:02  Zealot x3  
  118  9:03  Zealot  
  118  9:07  Gateway  
  122  9:10  Pylon, Gateway  
  122  9:11  Charge (Chrono Boost)  
  122  9:12  Shield Battery  
  122  9:19  Pylon  
  122  9:20  Pylon  
  122  9:36  Phoenix  
  122  9:37  Disruptor (Chrono Boost)  
  130  9:43  Pylon  
  130  9:44  Pylon  
  130  9:45  Zealot x4  
  135  10:03  Phoenix  
  135  10:04  Disruptor (Chrono Boost)  
  140  10:07  Gateway  
  140  10:08  Pylon, Gateway  
  140  10:09  Zealot x4  
  148  10:23  Nexus  
  148  10:24  Pylon  
  148  10:26  Photon Cannon, Zealot x2  
  152  10:35  Templar Archives  
  152  10:42  Blink  
  145  10:53  Phoenix  
  145  10:55  Zealot x2  
  145  10:56  Zealot x4  
  156  10:57  Shield Battery, Protoss Ground Weapons Level 2 (Chrono Boost)  
  156  11:03  Disruptor (Chrono Boost)  
  156  11:10  Protoss Ground Armor Level 2 (Chrono Boost)  
  159  11:13  Protoss Air Weapons Level 1 (Chrono Boost)  
  159  11:15  Pylon  
  159  11:28  Phoenix  
  159  11:31  Observer, High Templar x2, Zealot x2  
  159  11:32  Zealot x3  
  176  11:35  Archon  
  174  11:43  Zealot  
  176  11:55  Zealot x5  
  182  12:04  Probe  
  182  12:07  Probe  
  151  12:09  Probe, Zealot x3  
  151  12:11  Probe  
  137  12:16  Disruptor (Chrono Boost)  
  137  12:18  Phoenix  
  140  12:23  Assimilator  
  140  12:27  Robotics Facility, Assimilator  
  140  12:38  High Templar x2  
  140  12:39  Zealot x4  
  140  12:40  Zealot x2  
  156  12:45  Observer (Chrono Boost), Archon  
  156  12:47  Pylon, Phoenix  
  159  13:04  Observer (Chrono Boost)  
  160  13:10  Sentry x2  
  160  13:11  Photon Cannon  
  164  13:22  Disruptor x2 (Chrono Boost), Zealot x6  
  180  13:39  Zealot x2  
  184  13:45  Zealot x6  
  195  13:54  Pylon  
  195  14:08  Probe  
  186  14:10  Probe  
  186  14:14  Zealot x8  
  193  14:18  Probe  
  193  14:20  Probe  
  193  14:24  Probe  
  184  14:25  Probe  
  184  14:30  Probe  
Show
View Real Time Build Order
Export as new Build Order

BabyMarine Terran 

Build Orders:  

Get SALT Encoding   

  12  0:00  SCV  
  13  0:12  SCV  
  14  0:16  Supply Depot  
  14  0:25  SCV  
  14  0:27  Refinery  
  15  0:38  SCV  
  16  0:47  Barracks  
  16  0:51  SCV  
  17  1:03  SCV  
  18  1:15  SCV  
  19  1:34  Marine  
  19  1:35  Orbital Command  
  20  1:40  Factory  
  20  1:49  Supply Depot  
  20  1:52  Marine  
  21  2:00  SCV  
  22  2:10  Marine  
  22  2:13  SCV  
  24  2:24  Armory, Widow Mine  
  24  2:28  SCV  
  28  2:30  Supply Depot  
  28  2:32  Barracks Reactor  
  27  2:40  SCV  
  27  2:44  Refinery  
  28  2:45  Widow Mine  
  30  2:54  Command Center  
  30  2:56  SCV  
  31  3:06  Widow Mine  
  31  3:08  SCV  
  31  3:10  Marine x2  
  36  3:20  SCV  
  36  3:21  Barracks  
  37  3:27  Marine x2  
  39  3:41  Widow Mine  
  39  3:46  Barracks  
  39  3:52  Supply Depot  
  39  4:03  Refinery, Starport  
  39  4:05  SCV, Marine  
  39  4:06  Widow Mine  
  39  4:09  Barracks Tech Lab  
  43  4:10  Orbital Command  
  43  4:20  Engineering Bay  
  43  4:22  SCV  
  42  4:27  Widow Mine  
  42  4:30  Marine x2  
  46  4:37  Marine  
  44  4:41  Stimpack  
  44  4:45  Barracks Tech Lab  
  43  4:46  SCV  
  43  4:47  Marine  
  43  4:48  SCV  
  45  4:57  Marine x2  
  45  4:58  SCV  
  48  5:00  SCV  
  48  5:03  Marine, Combat Shield  
  48  5:10  SCV  
  48  5:12  SCV  
  48  5:13  Widow Mine  
  50  5:17  Marine x2  
  50  5:19  Marine  
  53  5:22  SCV  
  53  5:25  SCV  
  53  5:26  Supply Depot  
  55  5:30  Medivac  
  55  5:31  Marine  
  55  5:35  Marine  
  61  5:39  Marine x2  
  61  5:41  SCV x2  
  61  5:43  Terran Infantry Weapons Level 1  
  61  5:50  Marauder  
  61  5:53  SCV  
  61  5:54  SCV  
  61  5:55  Refinery  
  65  5:57  Supply Depot  
  65  5:58  Marine  
  65  5:59  Marine, Marauder  
  69  6:06  Missile Turret x2  
  69  6:07  Starport Reactor  
  69  6:08  SCV  
  70  6:19  SCV, Marauder  
  70  6:21  Marine x2, Marauder  
  77  6:34  SCV  
  78  6:44  Supply Depot  
  78  6:46  Supply Depot  
  78  6:47  Marine  
  78  6:48  Marauder, Command Center  
  78  6:50  Marine  
  78  6:51  Marauder  
  79  7:05  Marine  
  77  7:08  Marine  
  77  7:09  Marauder  
  77  7:12  Marauder  
  77  7:14  SCV x2  
  71  7:17  Medivac x2  
  71  7:20  Factory  
  75  7:23  Marine  
  75  7:25  Concussive Shells  
  75  7:26  Marine  
  75  7:27  SCV  
  75  7:29  Refinery, SCV  
  79  7:31  Marauder  
  79  7:35  Marauder  
  83  7:41  Marine  
  83  7:42  Terran Infantry Armor Level 1  
  83  7:43  SCV x2  
  86  7:44  Marine  
  87  7:53  Marauder  
  87  7:55  SCV  
  90  8:01  Marauder  
  90  8:02  Barracks x2  
  92  8:10  Orbital Command, Factory Tech Lab  
  92  8:12  SCV x2  
  94  8:13  Marine  
  95  8:24  Marine x2, Marauder  
  99  8:28  Orbital Command  
  99  8:32  Siege Tank  
  99  8:33  Medivac x2  
  99  8:34  SCV  
  107  8:41  SCV, Supply Depot  
  107  8:42  Marauder  
  107  8:44  Marine  
  107  8:45  Engineering Bay  
  107  8:46  SCV, Marauder  
  114  8:53  Barracks Reactor  
  114  8:54  SCV, Marine  
  116  8:56  Barracks Tech Lab  
  116  8:59  SCV  
  117  9:03  SCV  
  117  9:04  Supply Depot  
  117  9:06  SCV  
  117  9:07  Siege Tank  
  117  9:08  Marine  
  123  9:13  Terran Infantry Weapons Level 2  
  123  9:18  Marauder  
  123  9:22  Supply Depot  
  125  9:26  Marauder x2  
  125  9:28  Refinery  
  125  9:29  Refinery  
  129  9:32  Ghost Academy  
  129  9:35  Viking  
  129  9:37  Viking  
  133  9:40  Supply Depot  
  133  9:43  Marine x2  
  133  9:44  Marine x2, Marauder  
  138  9:56  Siege Tank, Marine  
  138  9:57  Marauder  
  143  10:00  Marine  
  143  10:05  Marauder  
  146  10:07  Supply Depot  
  146  10:09  Viking  
  146  10:12  Viking  
  146  10:14  Command Center  
  150  10:21  Ghost  
  150  10:22  Bunker  
  150  10:23  Supply Depot  
  150  10:24  Ghost  
  150  10:26  SCV  
  150  10:28  SCV  
  156  10:32  Siege Tank  
  159  10:35  Marine x2  
  159  10:36  Marauder  
  159  10:41  Viking  
  165  10:48  SCV  
  155  10:52  Ghost  
  155  10:55  Viking  
  159  11:03  SCV x2  
  161  11:04  Marine x2, Marauder  
  161  11:05  Marauder  
  161  11:07  SCV  
  161  11:09  Siege Tank  
  171  11:17  Enhanced Shockwaves  
  171  11:18  Supply Depot  
  171  11:20  Supply Depot  
  171  11:24  Terran Infantry Armor Level 2  
  171  11:26  SCV  
  170  11:41  Siege Tank  
  170  11:44  Viking  
  170  11:45  Viking  
  177  11:48  SCV  
  177  12:06  Marine x3  
  177  12:07  SCV, Marauder x3  
  158  12:09  Marine  
  158  12:14  Siege Tank  
  131  12:24  Marine x2  
  131  12:27  Viking x2  
  131  12:28  Marauder x2  
  141  12:30  Ghost, Marine  
  141  12:31  Marine  
  141  12:33  SCV x2  
  147  12:42  Marine  
  148  12:48  Siege Tank, Marine  
  148  12:49  Ghost x2  
  156  12:57  Refinery x2, Planetary Fortress  
  156  13:03  Ghost  
  156  13:04  Marine x3  
  156  13:05  SCV x2  
  163  13:06  SCV, Marine  
  165  13:17  Marine, Missile Turret  
  165  13:18  Marauder  
  168  13:21  Marine  
  168  13:23  SCV x2  
  168  13:25  Barracks, SCV  
  168  13:26  Barracks  
  168  13:27  Barracks  
  172  13:39  SCV x2  
  174  13:41  Fusion Core  
  174  13:42  SCV, Starport x2  
  174  13:43  Marauder  
  174  13:45  Marine x2  
  174  13:48  Marauder  
  181  14:08  SCV  
  182  14:14  Marine x2  
  182  14:15  Marauder x2  
  164  14:26  Marine x2  
  164  14:28  SCV  
  148  14:43  Starport Reactor  
  148  14:44  Starport Reactor  

Tags
 
Add a new tag
Caveats
  • Supply blocks, unpowered buildings, or Contaminate may cause inaccurate times.
  • Supply counts are checked every 10 seconds.